 Dungeon Crawl Stone Soup version 0.30-a0-272-gf98c3da03f (webtiles) character file.

Game seed: 15277010802774554933

9851 ReploidZero the Skirmisher (level 11, -4/71 (72) HPs)
             Began as a Tengu Hunter on Oct 15, 2022.
             Was a High Priest of Okawaru.
             Slain by a two-headed ogre
             ... wielding a +0 giant club
              (10 damage)
             ... on level 9 of the Dungeon.
             The game lasted 00:37:50 (11318 turns).

ReploidZero the Skirmisher (Tengu Hunter)          Turns: 11318, Time: 00:37:51

HP:   -4/71 (72)    AC:  7    Str: 12    XL:     11   Next: 53%
MP:   16/16         EV: 24    Int:  9    God:    Okawaru [*****.]
Gold: 364           SH:  5    Dex: 22    Spells: 10/10 levels left

rFire   . . .      SeeInvis .    a - +1 shortbow
rCold   + . .      Faith    .    (shield currently unavailable)
rNeg    . . .      Spirit   .    b - +0 steam dragon scales
rPois   .          Reflect  +    k - +1 hat
rElec   .          Harm     .    d - +0 cloak
rCorr   +          Rampage  .    (no gloves)
Will    .....                    (boots unavailable)
Stlth   ++........               A - amulet of reflection
HPRegen 0.31/turn                g - ring of resist corrosion
MPRegen 0.15/turn                i - ring of protection from cold

@: flying quickly and evasively, lightly drained, quick
A: beak, talons 3, nimble flight
a: Renounce Religion, Heroism, Finesse, Duel


You were on level 9 of the Dungeon.
You worshipped Okawaru.
Okawaru was extremely pleased with you.
You visited 2 branches of the dungeon, and saw 11 of its levels.
You also visited: Sewer and Bailey.

You collected 404 gold pieces.
You spent 40 gold pieces at shops.

Inventory:

Hand Weapons
 a - a +1 shortbow (weapon)
 h - a +4 quarterstaff of chaos
Missiles
 e - 5 atropa-tipped darts
 j - a throwing net
Armour
 b - +0 steam dragon scales (worn)
 d - a +0 cloak (worn)
 k - a +1 hat (worn)
Jewellery
 g - a ring of resist corrosion (left hand)
 i - a ring of protection from cold (right hand)
 o - an amulet of faith
 A - an amulet of reflection (around neck)
Wands
 p - a wand of flame (18)
 C - a wand of paralysis (5)
Scrolls
 q - a scroll of vulnerability
 t - 2 scrolls of butterflies
 v - 5 scrolls of magic mapping
 y - a scroll of enchant armour {unknown}
 F - a scroll of noise
Potions
 c - 3 potions of heal wounds
 f - 3 potions of curing
 l - 4 potions of brilliance
 m - 2 potions of berserk rage
 n - 2 potions of lignification
 r - a potion of might
 w - 5 potions of mutation {unknown}
 z - 2 potions of flight {unknown}
 B - a potion of invisibility {unknown}
 D - 3 potions of attraction {unknown}
 E - 2 potions of degeneration {unknown}


   Skills:
 + Level 9.8 Fighting
 + Level 11.3 Ranged Weapons
 + Level 10.7 Dodging
 - Level 1.0 Stealth
 + Level 6.0 Invocations


You had 10 spell levels left.
You didn't know any spells.
Your spell library contained the following spells:

 Spells                   Type           Power      Damage    Failure   Level
 Sting                    Tmut/Pois      0%         1d3       38%         1
 Blink                    Tloc           0%         N/A       52%         2
 Ensorcelled Hibernation  Hex/Ice        0%         N/A       52%         2
 Momentum Strike          Conj/Tloc      0%         3d8       52%         2
 Poisonous Vapours        Pois/Air       0%         N/A       52%         2
 Lesser Beckoning         Tloc           0%         N/A       77%         3
 Portal Projectile        Hex/Tloc       0%         N/A       77%         3
 Spider Form              Tmut/Pois      0%         N/A       77%         3
 Anguish                  Hex/Necr       0%         N/A       99%         4
 Olgreb's Toxic Radiance  Pois           0%         N/A       99%         4
 Blade Hands              Tmut           0%         N/A       100%        5
 Ozocubu's Refrigeration  Ice            0%         4d7       100%        7
 Ignition                 Fire           0%         3d3       100%        8
 Summon Small Mammal      Summ           Unusable   N/A       N/A         1
 Call Canine Familiar     Summ           Unusable   N/A       N/A         3
 Summon Guardian Golem    Hex/Summ       Unusable   N/A       N/A         3
 Tukima's Dance           Hex            Unusable   N/A       N/A         3

Dungeon Overview and Level Annotations

Branches:
Dungeon (10/15)            Temple (1/1) D:6            Lair (0/5) D:9
  Sewer (visited)          Bailey (visited)
    Orc: D:9-12

Altars:
Ashenzari
Dithmenos
Elyvilon
Fedhas
Gozag
Hepliaklqana
Kikubaaqudgha
Makhleb
Nemelex Xobeh
Okawaru
Qazlal
Ru
Trog
Vehumet
Wu Jian
Yredelemnul
Zin
The Shining One

Shops:
D:3 !   D:8 [   D:9 *


Innate Abilities, Weirdness & Mutations

You have a beak for a mouth.
You have claws for feet.
Your magical nature lets you fly swiftly and evasively.


Message History

The death yak is moderately wounded.
Unknown command.
Fire: a) +1 shortbow
Press: ? - help, Q - select action, (/) - cycle Shift-Dir - straight line, f/p - death yak
Aim: a death yak (moderately wounded, blind, 85% to hit)
You shoot an arrow. The arrow hits the death yak.
The death yak is moderately wounded.
A wight comes into view. It is wielding a +0 war axe.
Fire: a) +1 shortbow
Press: ? - help, Q - select action, (/) - cycle Shift-Dir - straight line, f/p - death yak
Aim: a death yak (moderately wounded, blind, 85% to hit)
You shoot an arrow.
The arrow hits the death yak but does no damage.
The death yak is moderately wounded.
The death yak gores you!
* * * LOW HITPOINT WARNING * * *
The wight misses you. The wight hits you with a +0 war axe.
* * * LOW HITPOINT WARNING * * *
The death yak is no longer blind.
The wight misses you.
A two-headed ogre comes into view.
It is wielding a +0 giant spiked club and a +0 giant club.
The two-headed ogre shouts in stereo!
As you read the scroll of teleportation, it crumbles to dust.
You feel strangely unstable. The wight misses you.
You block the wight's attack. The wight closely misses you.
You block the death yak's attack.
Your surroundings suddenly seem different.
A death yak is nearby!
The death yak bellows!
The yak bellows!
A boulder beetle comes into view.
The boulder beetle moves out of view.
The two-headed ogre shouts in stereo!
The boulder beetle curls into a ball and begins rolling!
The boulder beetle misses you.
The boulder beetle stops rolling and uncurls.
The boulder beetle closely misses you.
The two-headed ogre hits you with a +0 giant club!!
* * * LOW HITPOINT WARNING * * *
The two-headed ogre hits you with a +0 giant club!
You die...

##.......## #.# ....)...r#
#####.# ##...).)z## #.....#
##..)....####.....#
##...##..........#
#..#########.....## #.##
#..#.......###### ##.#
#.#.............# ##..#
##.#....@..#....## .([##
#.....BO....#....#
#########.##...##.>.##..###
....#......Y....#...#.....#
###.......Y..#............#
..(.......................#
#####.....................#
........#######........#..#
.....#### ##..........##


You could see a death yak, a boulder beetle, a two-headed ogre and a yak.

Vanquished Creatures
  2 two-headed ogres
  A gargoyle (D:9)
  2 kobold demonologists (D:9)
  A komodo dragon (D:10)
  3 spriggans (Bailey)
  A wraith (D:9)
  3 wyverns
  3 steam dragons (D:7)
  Eustachio (D:5)
  Menkaure (D:5)
  An acid dragon (Bailey)
  A water moccasin (D:7)
  3 orc warriors
  An ice beast (D:7)
  A sky beast (D:7)
  2 black bears
  6 ogres (Bailey)
  9 centaurs
  5 phantoms
  3 kobold brigands
  Blork the orc (D:5)
  5 bullfrogs
  2 gnoll sergeants
  4 necrophages (D:5)
  4 scorpions
  14 wights
  13 killer bees
  4 howler monkeys
  A hound (D:6)
  2 jellies (Sewer)
  3 gnoll boudas
  Crazy Yiuf (D:2)
  An iguana (D:4)
  Jessica (D:2)
  4 orc wizards
  2 hell rats (D:9)
  Robin (D:1)
  26 gnolls
  3 river rats
  6 adders
  3 ufetubi
  3 worms
  24 orcs
  9 ball pythons
  2 bats
  A bat zombie (D:5)
  12 endoplasms
  10 giant cockroaches
  16 goblins
  8 hobgoblins
  24 kobolds
  11 quokkas
  4 frilled lizards
  9 rats
  3 rat zombies (D:5)
287 creatures vanquished.

Vanquished Creatures (others)
  A shadow imp (D:7)
  4 fungi (D:3)
5 creatures vanquished.

Grand Total: 292 creatures vanquished

Notes
Turn   | Place    | Note
-------+----------+-------------------------------------------
     0 | D:1      | ReploidZero the Tengu Hunter began the quest for the Orb.
     0 | D:1      | Reached XP level 1. HP: 12/12 MP: 2/2
   124 | D:1      | Reached XP level 2. HP: 17/17 MP: 3/3
   543 | D:1      | Found a faded altar of an unknown god.
   698 | D:2      | Noticed Jessica
   934 | D:2      | Found a runed translucent door.
   935 | D:2      | Noticed Crazy Yiuf
   948 | D:2      | Noticed Robin
   972 | D:2      | Reached XP level 3. HP: 22/22 MP: 4/4
   988 | D:1      | Killed Robin
  1154 | D:2      | Reached skill level 5 in Ranged Weapons
  1154 | D:2      | Reached XP level 4. HP: 27/27 MP: 5/5
  1419 | D:2      | Killed Jessica
  1808 | D:2      | Killed Crazy Yiuf
  1809 | D:2      | Gained mutation: Your magical nature lets you fly swiftly
                  | and evasively. [Tengu growth]
  1809 | D:2      | Reached XP level 5. HP: 32/32 MP: 6/6
  1868 | D:3      | Found a glowing golden altar of the Shining One.
  1935 | D:3      | You are sucked into a shaft and drop 1 floor!
  2113 | D:3      | Found a broken altar of Ashenzari.
  2256 | D:3      | Found Hor Juam's Distillery.
  2270 | D:3      | Bought a potion of might for 40 gold pieces
  2493 | D:4      | Reached XP level 6. HP: 23/38 MP: 7/7
  2882 | D:4      | Reached skill level 6 in Ranged Weapons
  3387 | D:4      | Found a sparkling altar of Nemelex Xobeh.
  3581 | D:5      | Entered Level 5 of the Dungeon
  3604 | D:5      | Reached XP level 7. HP: 41/44 MP: 8/8
  3604 | D:5      | Noticed Eustachio
  3606 | D:5      | Reached skill level 5 in Dodging
  3635 | D:5      | Reached skill level 5 in Fighting
  3650 | D:5      | Killed Eustachio
  3651 | D:5      | Reached skill level 7 in Ranged Weapons
  3657 | D:5      | Found a glowing drain.
  3671 | Sewer    | Entered a sewer
  3682 | Sewer    | Reached XP level 8. HP: 49/49 MP: 9/9
  3848 | Sewer    | Found a shimmering altar of Xom.
  4052 | D:5      | Found an ancient bone altar of Kikubaaqudgha.
  4723 | D:5      | Reached skill level 8 in Ranged Weapons
  4738 | D:5      | Noticed Menkaure
  4738 | D:5      | Noticed Blork the orc
  4758 | D:5      | Killed Blork the orc
  4758 | D:5      | Killed Menkaure
  5133 | D:6      | Reached XP level 9. HP: 56/56 MP: 10/10
  5198 | D:6      | Found a staircase to the Ecumenical Temple.
  5215 | Temple   | Entered the Ecumenical Temple
  5345 | Temple   | Became a worshipper of Warmaster Okawaru
  5577 | D:6      | Noticed an angel
  5578 | D:6      | Found a glowing silver altar of Zin.
  5859 | D:6      | Reached skill level 1 in Invocations
  5941 | D:7      | Reached skill level 9 in Ranged Weapons
  6110 | D:7      | HP: 1/57 [steam dragon] (5)]
  6119 | D:7      | Reached * piety under Okawaru
  6394 | D:7      | Found a white marble altar of Elyvilon.
  6465 | D:7      | HP: 2/58 [something/ball of steam (10)]
  7049 | D:7      | Reached ** piety under Okawaru
  7050 | D:7      | Reached XP level 10. HP: 27/64 MP: 13/13
  7494 | D:7      | Found an ornate altar of the Wu Jian Council.
  8155 | D:8      | Reached skill level 10 in Ranged Weapons
  8308 | D:8      | Noticed a two-headed ogre
  8345 | D:8      | Killed a two-headed ogre
  8417 | D:8      | Found Nyaxyl's Armour Emporium.
  8477 | D:8      | Reached *** piety under Okawaru
  9035 | D:9      | Identified the +5 dagger of Intense Reinforcement {holy,
                  | Str+5}
  9174 | D:9      | Noticed a gargoyle
  9175 | D:9      | Noticed a red ugly thing
  9175 | D:9      | Noticed a two-headed ogre
  9312 | D:9      | Noticed a kobold demonologist
  9324 | D:9      | Killed a kobold demonologist
  9358 | D:9      | Noticed a kobold demonologist
  9380 | D:9      | Killed a kobold demonologist
  9394 | D:9      | Found a staircase to the Lair.
  9394 | D:9      | Noticed a death yak
  9394 | D:9      | Noticed a death yak
  9695 | D:8      | Reached skill level 10 in Dodging
  9786 | D:9      | Reached XP level 11. HP: 71/71 MP: 15/15
  9794 | D:9      | Reached **** piety under Okawaru
  9795 | D:9      | Reached skill level 5 in Invocations
  9847 | D:9      | Found an opulent altar of Gozag.
 10258 | D:9      | Found Melidit's Assorted Antiques.
 10310 | D:10     | Entered Level 10 of the Dungeon
 10320 | D:10     | Reached skill level 11 in Ranged Weapons
 10339 | D:10     | Found a flagged portal.
 10357 | Bailey   | Entered a bailey
 10501 | Bailey   | Noticed a two-headed ogre
 10575 | Bailey   | Reached ***** piety under Okawaru
 10602 | Bailey   | Killed a two-headed ogre
 10801 | Bailey   | Identified the +3 morningstar of Evolution {spect, Dex+4}
 11188 | D:9      | Noticed a death yak
 11250 | D:9      | Found a burning altar of Makhleb.
 11269 | D:9      | Noticed a two-headed ogre
 11308 | D:9      | Noticed a boulder beetle
 11318 | D:9      | Slain by a two-headed ogre

Illustrated notes

Levels and vault maps discovered:
D:1:      minmay_arrival_four_houses, layout_basic,
          ebering_ecumenical_altar_mist
D:2:      layout_basic, uniq_jessica, uniq_robin, uniq_crazy_yiuf_cottage
D:3:      layout_rooms, mainiacjoe_overflow_boulevard,
          mainiacjoe_overflow_cross_hatched, serial_shops, shop
D:4:      layout_gridville, mainiacjoe_overflow_small_starburst
D:5:      layout_loops_corners, lemuel_zombie_altar_kikubaaqudgha,
          portal_sewer_entry_a, kennysheep_generic_room_5, uniq_eustachio,
          uniq_menkaure, uniq_blork_the_orc
D:6:      wad_pebble_path, layout_cave_pools, zin_angel,
          minmay_temple_entry_junction
D:7:      cheibrodos_steamvent, layout_loops_ring, general_overflow_altar,
          elyvilon_altar_4, grunt_ministairs_2, chequers_serial_rivers_room_b,
          st_stairs_9
D:8:      nicolae_whirlpool, layout_loops_ring, serial_shops,
          nicolae_square_shop, minmay_fractal_squares_gapless_5
D:9:      layout_rooms, mainiacjoe_overflow_surrounded_room, old_standard_altar,
          dpeg_lair_monsters, serial_shops, shop_statue, grunt_tough_drop
D:10:     layout_rooms, tgw_xom, chequers_temple_overflow_statue_of_worship,
          lemuel_tele_altar, enter_bailey_4, uniq_lodul
Temple:   nicolae_temple_figure_zero

Skill      XL: |  1  2  3  4  5  6  7  8  9 10 11 |
---------------+----------------------------------+-----
Dodging        | 3 4 5 7 8 10 | 10.7
Ranged Weapons | 5 6 7 8 9 10 11 | 11.3
Fighting       | 3 4 5 6 7 9 |  9.8
Invocations    | 2 4 6 |  6.0
Stealth        | |  1.0

Action                   |  1- 3 |  4- 6 |  7- 9 | 10-12 || total
-------------------------+-------+-------+-------+-------++-------
 Fire: Shortbow          |    87 |   198 |   414 |   611 ||  1310
Invok: Heroism           |       |       |     1 |     1 ||     2
Evoke: Wand              |       |     3 |     5 |    12 ||    20
  Use: Scroll            |       |    11 |     5 |     7 ||    23
       Potion            |       |     1 |     6 |     5 ||    12
Armor: Leather armour    |    14 |    18 |    41 |     2 ||    75
       Steam dragon scal |       |       |       |    27 ||    27
Dodge: Dodged            |    19 |    61 |   296 |   365 ||   741
Block: Other             |       |     1 |    88 |    83 ||   172
       Reflection        |       |       |     3 |     9 ||    12

Table legend: (Time is in decaauts)
 A = Elapsed time spent in this place.
 B = Non-inter-level travel time spent in this place.
 C = Inter-level travel time spent in this place.
 D = Time resting spent in this place.
 E = Time spent auto-exploring this place.
 F = Levels seen in this place.
 G = Mean time per level.
                   A        B        C        D        E       F      G
               +--------+--------+--------+--------+--------+-----+--------+
         Total |  10864 |  10456 |    408 |    102 |   7679 |  13 |  835.7 |
       Dungeon |  10038 |   9653 |    385 |    102 |   7189 |  10 | 1003.8 |
        Temple |    127 |    105 |     22 |      0 |    100 |   1 |  127.0 |
         Sewer |    252 |    252 |      0 |      0 |    117 |   1 |  252.0 |
        Bailey |    445 |    445 |      0 |      0 |    271 |   1 |  445.0 |
               +--------+--------+--------+--------+--------+-----+--------+

Top non-repeatable levels by time:
     D:7: 1792 daAuts
     D:9: 1291 daAuts
     D:5: 1260 daAuts
     D:8: 1176 daAuts
     D:4: 1156 daAuts
     D:2: 1056 daAuts
     D:1: 831 daAuts
     D:6: 797 daAuts
     D:3: 473 daAuts
  Bailey: 445 daAuts
   Sewer: 252 daAuts
    D:10: 204 daAuts
  Temple: 127 daAuts
